 Dungeon Crawl Stone Soup version 0.28-a0-503-g83f2989fac (webtiles) character file.

Game seed: 584353585413803180

17054 frimble the Tainter (level 12, -17/92 HPs)
             Began as a Demonspawn Venom Mage on Sept 20, 2021.
             Was a Believer of Cheibriados.
             Demolished by a boulder beetle (39 damage)
             ... on level 11 of the Dungeon.
             The game lasted 00:22:08 (13008 turns).

frimble the Tainter (Demonspawn Venom Mage)        Turns: 13008, Time: 00:22:09

Health: -17/92     AC: 14    Str: 14    XL:     12   Next: 15%
Magic:  24/27      EV: 13    Int: 30    God:    Cheibriados [**....]
Gold:   816        SH: 11    Dex: 19    Spells: 15/19 levels left

rFire   . . .      SeeInvis +   z - +7 Singing Sword {vorpal, sonic wave}
rCold   . . .      Faith    .   (no shield)
rNeg    . . .      Spirit   .   s - +0 troll leather armour
rPois   .          Reflect  +   (no helmet)
rElec   .          Harm     .   u - +2 cloak
rCorr   +          Rampage  .   d - +1 pair of gloves "Rizuopp" {rCorr MP+9 Int+4 Stlth+}
Will    .....                   (no boots)
Stlth   +++.......              p - amulet of reflection
HPRegen 1.25/turn               b - +4 ring of protection
MPRegen 0.20/turn               l - ring of see invisible

@: very slow
A: claws 1, large bone plates 2, demonic guardian 1, powered by death 3
a: Renounce Religion, Bend Time


You were on level 11 of the Dungeon.
You worshipped Cheibriados.
Cheibriados was pleased with you.
You visited 1 branch of the dungeon, and saw 11 of its levels.

You collected 849 gold pieces.
You spent 33 gold pieces at shops.

Inventory:

Hand Weapons
 z - the +7 Singing Sword (weapon) {vorpal, sonic wave}
   (You found it on level 9 of the Dungeon)

   It inflicts extra damage upon your enemies.
   It radiates damaging sonic waves as it strikes, especially in combat
   involving dangerous or numerous foes.
Missiles
 k - 3 throwing nets
 m - 25 poisoned darts (quivered)
Armour
 d - the +1 pair of gloves "Rizuopp" (worn) {rCorr MP+9 Int+4 Stlth+}
   (You acquired it on level 7 of the Dungeon)

   Int:       It affects your intelligence (+4).
   MP:        It affects your magic capacity (+9).
   rCorr:     It protects you from acid and corrosion.
   Stlth:     It makes you more stealthy.
 s - a +0 troll leather armour (worn)
 t - a +0 kite shield
 u - a +2 cloak (worn)
Jewellery
 b - a +4 ring of protection (left hand)
 l - a ring of see invisible (right hand)
 p - an amulet of reflection (around neck)
 r - a ring of fire
 B - a ring of ice
 C - a +4 ring of evasion
Wands
 c - a wand of paralysis (12)
 j - a wand of acid (3)
 o - a wand of polymorph (6)
 v - a wand of mindburst (25)
 w - a wand of charming (5)
Scrolls
 a - a scroll of brand weapon
 e - a scroll of teleportation
 y - a scroll of enchant weapon
Potions
 f - 2 potions of attraction
 g - 3 potions of might
 h - 3 potions of lignification
 i - a potion of ambrosia
 n - a potion of curing
 q - a potion of flight
 x - a potion of invisibility
 A - a potion of berserk rage {unknown}


   Skills:
 - Level 8.0 Fighting
 + Level 9.4 Long Blades
 - Level 4.0 Armour
 - Level 4.0 Dodging
 - Level 2.0 Stealth
 + Level 6.8 Shields
 + Level 2.7 Unarmed Combat
 - Level 4.0 Spellcasting
 - Level 1.0 Transmutations
 - Level 10.0 Poison Magic
 + Level 5.3 Invocations
 - Level 3.0 Evocations


You had 15 spell levels left.
You knew the following spells:

 Your Spells              Type           Power      Damage    Failure   Level
b - Olgreb's Toxic Radia  Pois           60%        N/A       1%          4

Your spell library contained the following spells:

 Spells                   Type           Power      Damage    Failure   Level
 Sting                    Tmut/Pois      100%       1d8       1%          1
 Poisonous Vapours        Pois/Air       72%        N/A       1%          2
 Spider Form              Tmut/Pois      19%        N/A       2%          3
 Beastly Appendage        Tmut           24%        N/A       5%          1
 Mephitic Cloud           Conj/Pois/Air  25%        N/A       6%          3
 Animate Skeleton         Necr           12%        N/A       8%          1
 Foxfire                  Conj/Fire      24%        2x1d5     8%          1
 Pain                     Necr           24%        1d5       8%          1
 Sandblast                Erth           12%        2d6       8%          1
 Wereblood                Tmut           12%        N/A       8%          2
 Passwall                 Tmut/Erth      7%         N/A       10%         2
 Corpse Rot               Necr/Air       N/A        N/A       12%         2
 Ensorcelled Hibernation  Hex/Ice        12%        N/A       12%         2
 Static Discharge         Conj/Air       6%         N/A       12%         2
 Call Canine Familiar     Summ           6%         N/A       24%         3
 Conjure Flame            Conj/Fire      6%         6-21      24%         3
 Gell's Gravitas          Tloc           3%         N/A       24%         3
 Inner Flame              Hex/Fire       6%         N/A       24%         3
 Portal Projectile        Hex/Tloc       12%        N/A       24%         3
 Stone Arrow              Conj/Erth      12%        3d7       24%         3
 Teleport Other           Tloc           6%         N/A       24%         3
 Tukima's Dance           Hex            6%         N/A       24%         3
 Vampiric Draining        Necr           3%         2d6       24%         3
 Cause Fear               Hex            3%         N/A       61%         4
 Dispel Undead            Necr           6%         3d8       61%         4
 Flame Wave               Conj/Fire      6%         3d4       61%         4
 Leda's Liquefaction      Hex/Erth       3%         N/A       61%         4
 Yara's Violent Unravell  Hex/Tmut       4%         3d4       87%         5
 Lightning Bolt           Conj/Air       3%         1d14      91%         5
 Metabolic Englaciation   Hex/Ice        3%         N/A       91%         5
 Death Channel            Necr           3%         N/A       100%        6
 Dispersal                Tloc           3%         N/A       100%        6
 Invisibility             Hex            3%         N/A       100%        6
 Dragon Form              Tmut           6%         N/A       100%        7
 Maxwell's Capacitive Co  Air            3%         ∞         100%        8
 Dragon's Call            Summ           3%         N/A       100%        9


Dungeon Overview and Level Annotations

Branches:
Dungeon (11/15)            Temple (0/1) D:4            Lair (0/6) D:11
    Orc (0/2) D:10

Altars:
Ashenzari
Cheibriados
Fedhas
Gozag
Kikubaaqudgha
Makhleb
Qazlal
Sif Muna
Uskayaw
Zin
The Shining One

Shops:
D:6 !?:


Innate Abilities, Weirdness & Mutations

You have sharp fingernails.
You are mostly covered in large bone plates. (SH +6)
A weak demonic guardian rushes to your aid.
You regenerate a lot of health from kills.


Message History

You hit the boulder beetle but do no damage.
The boulder beetle is moderately wounded.
The boulder beetle leaps!
The boulder beetle curls into a ball and begins rolling!
Casting: Olgreb's Toxic Radiance (mildly dangerous; 1% risk of failure)
Confirm with . or Enter, or press ? or * to list all spells.
You begin to radiate toxic energy.
The boulder beetle is poisoned.
Unknown command.
You hit the boulder beetle but do no damage.
The boulder beetle is heavily wounded.
Your toxic aura wanes.
The boulder beetle hits you!!!
* * * LOW HITPOINT WARNING * * *
A demonic guardian appears!
The boulder beetle stops rolling and uncurls.
The boulder beetle leaps!
Unknown command.
Your ufetubus barely misses the boulder beetle.
Your ufetubus hits the boulder beetle but does no damage.
Your ufetubus hits the boulder beetle but does no damage. x2
The boulder beetle bites your ufetubus!!
Your ufetubus dies!
Your ufetubus disappears in a puff of smoke!
Aiming: Mindburst
Press: ? - help, Shift-Dir - straight line, f - boulder beetle
Aim: a boulder beetle (blue smoke, heavily wounded, poisoned, chance to affect: 62%)
The boulder beetle's mind is blasted!
The boulder beetle curls into a ball and begins rolling!
Aiming: Mindburst
Press: ? - help, Shift-Dir - straight line, f/p - boulder beetle
Aim: a boulder beetle (blue smoke, severely wounded, rolling, poisoned, chance to affect: 62%)
The boulder beetle resists with significant effort.
The boulder beetle looks more healthy.
Okay, then.
Unknown command.
Aiming: Paralyse
Press: ? - help, Shift-Dir - straight line, f/p - boulder beetle
Aim: a boulder beetle (severely wounded, rolling, chance to affect: 37%)
The boulder beetle easily resists.
The boulder beetle hits you!!!
You die...

#..## #.##
#†# #.# #.###
#.#.. #.#.#
#.#.# #.#@#
#.#B####
#..○...#
###.##.......
#.# ###.###
#.. # ####


You could see a boulder beetle (rolling).

Vanquished Creatures
  Fannar (D:11)
  Harold (D:7)
  A death yak (D:11)
  A two-headed ogre (D:8)
  A lindwurm (shapeshifter) (D:8)
  A deep elf pyromancer (D:8)
  A manticore (D:11)
  Maurice (D:11)
  An elephant (D:11)
  Maggie (D:6)
  Psyche (D:8)
  A komodo dragon (D:10)
  4 kobold demonologists (D:11)
  3 trolls
  2 slime creatures (D:8)
  4 yaks (D:10)
  2 wraiths
  A shadow (D:8)
  Eustachio (D:6)
  A human (D:10)
  A steam dragon (D:8)
  2 basilisks (D:11)
  2 acid dragons
  4 water moccasins
  An ice beast (D:4)
  6 orc warriors
  4 sky beasts
  4 black bears
  2 necrophages (D:4)
  2 ogres (D:7)
  A hornet zombie (D:5)
  8 centaurs
  2 phantoms
  2 kobold brigands
  4 bullfrogs
  11 scorpions
  2 gnoll sergeants
  A wyvern zombie (D:7)
  A water moccasin zombie (D:7)
  A water moccasin skeleton (D:4)
  10 killer bees
  8 wights
  2 bullfrog zombies (D:7)
  4 hounds
  A jelly (D:6)
  6 centaur zombies
  A gnoll shaman (D:7)
  2 orc priests
  A centaur skeleton (D:7)
  A bullfrog skeleton (D:7)
  2 iguanas
  6 orc wizards
  2 killer bee zombies
  2 hound skeletons (D:4)
  4 gnolls (D:11)
  13 adders
  3 howler monkey skeletons (D:6)
  A river rat (D:6)
  A shadow imp (D:8)
  2 white imps
  An ufetubus (D:5)
  An adder skeleton (D:4)
  A worm (D:2)
  4 dart slugs
  35 orcs
  11 bats
  4 endoplasms (D:3)
  7 giant cockroaches
  7 goblins
  7 hobgoblins
  2 quokkas
  6 ball pythons
  5 frilled lizards
  21 kobolds
  9 rats
284 creatures vanquished.

Vanquished Creatures (collateral kills)
  An ugly thing (D:8)
  A centaur (D:11)
  A wight (D:9)
3 creatures vanquished.

Vanquished Creatures (others)
  A wight (D:9)
  7 fungi
  18 plants
26 creatures vanquished.

Grand Total: 313 creatures vanquished

Notes
Turn   | Place    | Note
-------+----------+-------------------------------------------
     0 | D:1      | frimble the Demonspawn Venom Mage began the quest for the
                  | Orb.
     0 | D:1      | Reached XP level 1. HP: 13/13 MP: 3/3
    62 | D:1      | Reached skill level 1 in Transmutations
   729 | D:1      | Gained mutation: You are partially covered in large bone
                  | plates. (SH +4) [demonic ancestry]
   729 | D:1      | Reached XP level 2. HP: 17/19 MP: 0/5
  1598 | D:2      | Found a faded altar of an unknown god.
  1826 | D:2      | Reached XP level 3. HP: 24/24 MP: 6/6
  1882 | D:2      | Reached skill level 1 in Long Blades
  2884 | D:3      | Reached skill level 4 in Poison Magic
  3064 | D:3      | Gained mutation: You regenerate a little health from kills.
                  | [demonic ancestry]
  3064 | D:3      | Reached XP level 4. HP: 19/30 MP: 0/7
  3265 | D:3      | Found a shimmering blue altar of Sif Muna.
  3458 | D:4      | Noticed an ice beast
  3475 | D:4      | Learned a level 4 spell: Olgreb's Toxic Radiance
  3549 | D:4      | Killed an ice beast
  3550 | D:4      | Gained mutation: You are mostly covered in large bone
                  | plates. (SH +6) [demonic ancestry]
  3550 | D:4      | Reached XP level 5. HP: 24/35 MP: 8/8
  3705 | D:4      | Found a staircase to the Ecumenical Temple.
  3816 | D:4      | Noticed a necrophage
  3843 | D:4      | Killed a necrophage
  3844 | D:4      | Reached skill level 5 in Poison Magic
  3844 | D:4      | Reached XP level 6. HP: 25/41 MP: 9/9
  4675 | D:4      | Reached skill level 6 in Poison Magic
  4675 | D:4      | Reached XP level 7. HP: 41/46 MP: 10/10
  5097 | D:5      | Entered Level 5 of the Dungeon
  5133 | D:5      | Reached skill level 5 in Long Blades
  5257 | D:5      | Found a blossoming altar of Fedhas.
  5308 | D:5      | Reached skill level 7 in Poison Magic
  5328 | D:5      | Reached XP level 8. HP: 39/52 MP: 11/11
  6649 | D:6      | Found Ixinlus's Book Boutique.
  6655 | D:6      | Found Cihus's Magic Scroll Shop.
  6662 | D:6      | Reached skill level 1 in Fighting
  6708 | D:6      | Reached skill level 1 in Evocations
  7174 | D:6      | Found an ancient bone altar of Kikubaaqudgha.
  7308 | D:6      | Reached skill level 8 in Poison Magic
  7359 | D:6      | Noticed Maggie
  7381 | D:6      | Killed Maggie
  7382 | D:6      | Reached skill level 9 in Poison Magic
  7382 | D:6      | Gained mutation: You regenerate health from kills. [demonic
                  | ancestry]
  7382 | D:6      | Reached XP level 9. HP: 31/63 MP: 12/12
  7545 | D:6      | Noticed Eustachio
  7598 | D:6      | Killed Eustachio
  7925 | D:6      | Found Ineqo's Distillery.
  7930 | D:6      | Bought a potion of curing for 33 gold pieces
  8088 | D:7      | Reached skill level 1 in Armour
  8402 | D:7      | Identified a scroll of acquirement
  8402 | D:7      | Acquired the +1 pair of gloves "Rizuopp" {rCorr MP+9 Int+4
                  | Stlth+}
  8693 | D:7      | Identified the +4 whip of the Tomato {freeze, Int+5}
  8751 | D:7      | Noticed a troll
  8777 | D:7      | Killed a troll
  8778 | D:7      | Reached skill level 10 in Poison Magic
  9065 | D:7      | Noticed Harold
  9076 | D:7      | Killed Harold
  9077 | D:7      | Gained mutation: A weak demonic guardian rushes to your
                  | aid. [demonic ancestry]
  9077 | D:7      | Reached XP level 10. HP: 47/70 MP: 16/16
  9139 | D:7      | Found a hide-covered altar of Uskayaw.
  9683 | D:8      | Reached skill level 1 in Shields
  9718 | D:8      | Noticed Psyche
  9730 | D:8      | Killed Psyche
  9731 | D:8      | Reached skill level 5 in Fighting
  9748 | D:8      | Noticed a two-headed ogre
  9778 | D:8      | Noticed a deep elf pyromancer
  9802 | D:8      | Killed a two-headed ogre
  9805 | D:8      | Killed a deep elf pyromancer
 10353 | D:8      | Noticed a purple ugly thing
 10393 | D:8      | Killed a purple ugly thing
 10394 | D:8      | Gained mutation: You have sharp fingernails. [demonic
                  | ancestry]
 10394 | D:8      | Reached XP level 11. HP: 57/82 MP: 17/17
 10470 | D:8      | Noticed a centaur warrior
 10470 | D:8      | Noticed a centaur warrior
 10480 | D:8      | HP: 2/83 [centaur warrior/arrow (12)]
 10585 | D:8      | Noticed a lindwurm
 10585 | D:8      | a tarantella changed into a lindwurm
 10598 | D:8      | Killed a lindwurm
 10599 | D:8      | Reached skill level 1 in Unarmed Combat
 10745 | D:9      | Identified the +0 dagger "Kupriss" {vorpal, rF+ Str-2
                  | Dex+4}
 10761 | D:9      | Found a broken altar of Ashenzari.
 11064 | D:9      | Found a stormy altar of Qazlal.
 11068 | D:9      | Found a snail-covered altar of Cheibriados.
 11070 | D:9      | Found a burning altar of Makhleb.
 11270 | D:9      | Found the +7 Singing Sword {vorpal, sonic wave}
 11510 | D:9      | Became a worshipper of Cheibriados the Contemplative
 11522 | D:10     | Entered Level 10 of the Dungeon
 11541 | D:10     | Reached skill level 5 in Shields
 11566 | D:10     | Reached * piety under Cheibriados
 11567 | D:10     | Found a staircase to the Orcish Mines.
 11936 | D:10     | Found an opulent altar of Gozag.
 12342 | D:11     | Got the Incunabulum of Bewitchment
 12411 | D:11     | Reached skill level 1 in Invocations
 12428 | D:11     | Noticed Maurice
 12437 | D:11     | Paralysed by Maurice for 3 turns
 12445 | D:11     | Killed Maurice
 12591 | D:11     | Found a staircase to the Lair.
 12591 | D:11     | Noticed a death yak
 12616 | D:11     | Killed a death yak
 12634 | D:11     | Reached ** piety under Cheibriados
 12637 | D:11     | Noticed Fannar
 12641 | D:11     | Gained mutation: You regenerate a lot of health from kills.
                  | [demonic ancestry]
 12641 | D:11     | Reached XP level 12. HP: 92/92 MP: 18/18
 12653 | D:11     | Killed Fannar
 12679 | D:11     | Reached skill level 5 in Invocations
 12982 | D:11     | Noticed a boulder beetle
 13008 | D:11     | Demolished by a boulder beetle

Illustrated notes

Levels and vault maps discovered:
D:1:      dpeg_arrival_solitude, layout_basic
D:2:      layout_basic, hellmonk_ecumenical_altar_lost_god, roderic_lattice_a,
          st_stairs_1, serial_park_tiny_2
D:3:      layout_rooms, general_overflow_altar, minmay_bisected
D:4:      layout_basic, tso_altar, minmay_temple_entry_fiery,
          chequers_decorated_corner, glass_columns_b, serial_bayou_crossing
D:5:      layout_layer_cave, mainiacjoe_overflow_tiny_flanked
D:6:      layout_rooms, overflow_temple_1_default,
          mainiacjoe_overflow_small_starburst, serial_shops, shop,
          nicolae_shop_temple_entry_statues_fountains, shop,
          gup_sewer_entry_spiral, uniq_maggie, uniq_eustachio
D:7:      minmay_s_stair_smasher, layout_loops_ring, lemuel_crystal_altar,
          uniq_harold
D:8:      layout_basic, minmay_shattered_shrine, uniq_psyche
D:9:      old_forge, layout_basic, grunt_temple_overflow_open
D:10:     layout_cave_pods, amcnicky_altar_gilded, erik_orc_4
D:11:     layout_loops_corners, david_lair_generic, trog_hazing_becter,
          uniq_maurice, uniq_fannar

Skill      XL: |  1  2  3  4  5  6  7  8  9 10 11 12 |
---------------+-------------------------------------+-----
Transmutations | 1 |  1.0
Stealth        | 2 |  2.0
Dodging        | 2 4 |  4.0
Long Blades    | 1 2 3 4 5 6 7 9 |  9.4
Poison Magic   | 4 5 6 7 9 10 | 10.0
Fighting       | 3 6 8 |  8.0
Evocations     | 3 |  3.0
Armour         | 4 |  4.0
Spellcasting   | 4 |  4.0
Shields        | 3 6 |  6.8
Unarmed Combat | 2 |  2.7
Invocations    | 4 5 |  5.3

Action                   |  1- 3 |  4- 6 |  7- 9 | 10-12 || total
-------------------------+-------+-------+-------+-------++-------
Melee: Unarmed           |    81 |       |       |    20 ||   101
       Long sword        |    78 |   163 |   437 |   298 ||   976
       Double sword      |       |       |       |   144 ||   144
       Punch             |       |       |       |     1 ||     1
Throw: Dart              |       |       |    12 |     4 ||    16
 Cast: Sting             |    43 |     6 |    11 |       ||    60
       Olgreb's Toxic Ra |       |       |     2 |    17 ||    19
Evoke: Wand              |       |     5 |     6 |    11 ||    22
  Use: Scroll            |     7 |     2 |     7 |     3 ||    19
       Potion            |       |     1 |     3 |     4 ||     8
 Stab: Sleeping          |     6 |     1 |     4 |     8 ||    19
       Paralysed         |       |     7 |    10 |     8 ||    25
       Distracted        |       |       |       |     1 ||     1
Armor: Robe              |   116 |    43 |    63 |       ||   222
       Skin              |       |       |    22 |    21 ||    43
       Acid dragon scale |       |       |    78 |       ||    78
       Troll leather arm |       |       |    26 |   216 ||   242
Dodge: Dodged            |   182 |    87 |   233 |   287 ||   789
Block: Other             |    20 |    46 |   130 |   307 ||   503
       Reflection        |       |       |       |    13 ||    13

Table legend: (Time is in decaauts)
 A = Elapsed time spent in this place.
 B = Non-inter-level travel time spent in this place.
 C = Inter-level travel time spent in this place.
 D = Time resting spent in this place.
 E = Time spent auto-exploring this place.
 F = Levels seen in this place.
 G = Mean time per level.
                   A        B        C        D        E       F      G
               +--------+--------+--------+--------+--------+-----+--------+
         Total |  13688 |  13134 |    554 |     68 |  10012 |  11 | 1244.4 |
       Dungeon |  13688 |  13134 |    554 |     68 |  10012 |  11 | 1244.4 |
               +--------+--------+--------+--------+--------+-----+--------+

Top non-repeatable levels by time:
     D:4: 1746 daAuts
     D:6: 1698 daAuts
     D:1: 1578 daAuts
     D:5: 1554 daAuts
     D:7: 1358 daAuts
     D:2: 1125 daAuts
     D:8: 1077 daAuts
    D:10: 1055 daAuts
    D:11: 928 daAuts
     D:9: 833 daAuts
     D:3: 730 daAuts
